 Dungeon Crawl Stone Soup version 0.24.1-11-gbbbb2193e6 (webtiles) character file.

Game seed: 10858600635794719114, levelgen mode: deterministic

237 Peloso the Skirmisher (level 6, -5/52 HPs)
             Began as a Ghoul Fighter on May 14, 2020.
             Killed from afar by Robin (15 damage)
             ... with a puff of flame
             ... on level 2 of the Dungeon.
             The game lasted 00:02:44 (1133 turns).

Peloso the Skirmisher (Ghoul Fighter)               Turns: 1133, Time: 00:02:44

Health: -5/52      AC:  6    Str: 20    XL:     6   Next: 6%
Magic:  5/5        EV:  7    Int:  3    God:
Gold:   82         SH:  9    Dex: 10    Spells: 5/5 levels left

rFire    . . .     SeeInvis .   a - +0 long sword
rCold    + . .     Gourm    .   c - +0 shield
rNeg     + + +     Faith    .   b - +0 scale mail
rPois    ∞         Spirit   .   (no helmet)
rElec    .         Reflect  .   (no cloak)
rCorr    .         Harm     .   (no gloves)
MR       .....                  (no boots)
Stlth    ..........             (no amulet)
HPRegen  0.00/turn              (no ring)
MPRegen  0.09/turn              (no ring)

@: rotting
A: rotting body, claws 1, carnivore, cold resistance 1, negative energy
resistance 3, inhibited regeneration, torment resistance, unbreathing
a: no special abilities


You were on level 2 of the Dungeon.
You were very hungry.

You visited 1 branch of the dungeon, and saw 2 of its levels.

You collected 82 gold pieces.

Inventory:

Hand Weapons
 a - a +0 long sword (weapon)
Armour
 b - a +0 scale mail (worn)
 c - a +0 shield (worn)
Scrolls
 d - a scroll of enchant armour {unknown}
 e - 4 scrolls of identify {unknown}
 g - a scroll of amnesia {unknown}
 h - a scroll of magic mapping {unknown}
Potions
 j - a potion of curing {unknown}
Comestibles
 f - 2 rations


   Skills:
 + Level 4.0 Fighting
 + Level 3.5 Long Blades
 + Level 3.4 Armour
 + Level 1.2 Dodging
 + Level 3.8 Shields


You had 5 spell levels left.
You didn't know any spells.
Your spell library was empty.

Dungeon Overview and Level Annotations

Branches:
Dungeon (2/15)

Altars:

Annotations:
D:2 Robin


Innate Abilities, Weirdness & Mutations

Your body is rotting away.
You thrive on raw meat.
You are immune to poison.
You have sharp fingernails.
You are carnivorous and can eat meat at any time.
Your flesh is cold resistant. (rC+)
You are immune to negative energy. (rN+++)
You do not regenerate when monsters are visible.
You are immune to unholy pain and torment.
You can survive without breathing.


Message History

You slash Robin!
Robin is heavily wounded.
Robin zaps a wand.
The puff of flame hits you. You block the goblin's attack.
Your shield prevents you from hitting Robin.
Robin is heavily wounded.
Robin hits you but does no damage. You block the goblin's attack.
Unknown command.
You closely miss Robin.
Robin is heavily wounded.
Robin hits you with a +0 short sword.
* * * LOW HITPOINT WARNING * * *
The goblin hits you with a +0 dagger.
* * * LOW HITPOINT WARNING * * *
Robin hits you but does no damage. The goblin barely misses you.
You riposte.
You slash the goblin!
You kill the goblin!
You closely miss Robin.
Robin is heavily wounded.
Robin zaps a wand.
The puff of flame hits you!
You die...

.#######.######[..###.##.#.#
.# #.# ##.....##.##.#.# .#
#.####...<...#.##.#.## .#
#................).#.#####
.#
######.......#....###....#
)# ##.....######.#.###.# .#
##...## #.#..... .# ##)##
#.#..... .# #@# #.#..... ##
#g#########.#..... #
#g..gg...##.#.....
############g)...÷....
#(...g..gg.(.####.....
############.########(###
####.. .............# #.#
#.. ############g# #.# #.. #
#g# #.# #..


You could see Robin and a hobgoblin.

Vanquished Creatures
  Sigmund (D:2)
  3 adders (D:2)
  A dart slug (D:1)
  2 leopard geckos (D:1)
  7 bats
  3 giant cockroaches
  6 hobgoblins
  5 frilled lizards
  10 goblins
  4 kobolds
  7 rats
49 creatures vanquished.

Notes
Turn   | Place    | Note
-------+----------+-------------------------------------------
     0 | D:1      | Peloso the Ghoul Fighter began the quest for the Orb.
     0 | D:1      | Reached XP level 1. HP: 19/19 MP: 0/0
   110 | D:1      | Reached XP level 2. HP: 21/26 MP: 1/1
   362 | D:1      | Reached XP level 3. HP: 16/31 MP: 2/2
   683 | D:2      | Noticed Sigmund
   687 | D:2      | Killed Sigmund
   687 | D:2      | Reached skill level 1 in Dodging
   687 | D:2      | Reached XP level 4. HP: 30/39 MP: 3/3
   687 | D:2      | Reached XP level 5. HP: 35/45 MP: 4/4
   774 | D:2      | Reached skill level 4 in Fighting
   872 | D:2      | Reached XP level 6. HP: 51/51 MP: 5/5
  1065 | D:2      | Noticed Robin
  1124 | D:2      | HP: 2/48 [Robin/puff of flame (12)]
  1133 | D:2      | Killed from afar by Robin

Levels and vault maps discovered:
D:1:      psy_arrival_dodecagon, layout_loops_ring
D:2:      layout_loops_ring, first_ration, uniq_robin, uniq_sigmund

Skill      XL: |  1  2  3  4  5 |
---------------+----------------+-----
Shields        | 3 |  3.8
Long Blades    | 2 3 |  3.5
Armour         | 3 |  3.4
Dodging        | 1 |  1.2
Fighting       | 4 |  4.0

Action                   |  1- 3 |  4- 6 || total
-------------------------+-------+-------++-------
Melee: Long sword        |   102 |    66 ||   168
  Use: Potion            |     1 |     1 ||     2
Armor: Scale mail        |    59 |    33 ||    92
Dodge: Dodged            |    54 |    24 ||    78
Block: Shield            |    70 |    44 ||   114
       Rpst.: Long sword |    18 |     9 ||    27
